 Dungeon Crawl Stone Soup version 0.17-a0-764-gd40c196 (console) character file.

94 sose the Ruffian (level 4, -1/38 HPs)
             Began as a Ghoul Monk on Apr 23, 2015.
             Was a Believer of Ashenzari.
             Slain by a hippogriff (6 damage)
             ... on level 3 of the Dungeon.
             The game lasted 00:03:09 (1343 turns).

sose the Ruffian (Ghoul Monk)                       Turns: 1343, Time: 00:03:09

Health: -1/38      AC:  2    Str: 14    XL:     4   Next: 63%
Magic:  3/3        EV: 12    Int:  6    God:    Ashenzari [**....]
Gold:   108        SH:  0    Dex: 11    Spells: 0 memorised, 3 levels left

rFire  . . .     SeeInvis .       - Unarmed
rCold  + . .     Clarity  .     a - +0 robe
rNeg   + + +     SustAb   .     (no shield)
rPois  ∞         Gourm    .     (no helmet)
rElec  .         Spirit   .     (no cloak)
rCorr  .         Warding  .     (no gloves)
rMut   .         Stasis   .     (no boots)
MR     .....                    (no amulet)
Stlth  ++........               (no ring)
                                (no ring)

@: rotting, not resistant to hostile enchantments, unstealthy
A: rotting body, claws 1, carnivore 3, cold resistance 1, negative energy
resistance 3, slow healing 1, torment resistance, unbreathing
a: Scrying, Renounce Religion


You were on level 3 of the Dungeon.
You worshipped Ashenzari.
Ashenzari was pleased with you.
You were not hungry.

You visited 1 branch of the dungeon, and saw 3 of its levels.

You collected 108 gold pieces.

Inventory:

Armour
 a - a +0 robe (worn)
Scrolls
 c - a scroll of fear {unknown}
 d - a scroll of enchant weapon {unknown}
 e - 2 scrolls of noise {unknown}
 g - 3 scrolls of remove curse
 i - a scroll of recharging {unknown}
 k - 3 scrolls of teleportation {unknown}
 m - 3 scrolls of magic mapping {unknown}
 o - a scroll of fog {unknown}
Potions
 f - a potion of curing {unknown}
 h - 3 potions of brilliance {unknown}
 j - a potion of heal wounds {unknown}
 l - a potion of invisibility {unknown}
 p - a potion of mutation {unknown}
Comestibles
 b - 2 meat rations


   Skills:
 - Level 3.2 Fighting
 - Level 2.6 Dodging
 - Level 2.1 Stealth
 + Level 6.5 Unarmed Combat


You had 3 spell levels left.
You didn't know any spells.

Dungeon Overview and Level Annotations

Branches:
Dungeon (3/15)

Altars:
Ashenzari
Xom


Innate Abilities, Weirdness & Mutations

Your body is rotting away.
You thrive on raw meat.
You are immune to poison.
You have sharp fingernails.
You are carnivorous and can eat meat at any time.
Your flesh is cold resistant.
You are immune to negative energy.
You heal slowly when monsters are visible.
You are immune to unholy pain and torment.
You can survive without breathing.


Message History

You scratch the hippogriff.
The hippogriff is heavily wounded.
The hippogriff closely misses you. The hippogriff pecks you.
The hippogriff completely misses you.
You scratch the hippogriff.
The hippogriff is heavily wounded.
The hippogriff bites you. The hippogriff pecks you. The hippogriff claws you.
* * * LOW HITPOINT WARNING * * *
You are too injured to fight recklessly!
You barely miss the hippogriff.
The hippogriff is heavily wounded.
The hippogriff barely misses you. The hippogriff pecks you.
* * * LOW HITPOINT WARNING * * *
The hippogriff misses you.
You scratch the hippogriff.
The hippogriff is severely wounded.
You barely miss the hippogriff.
The hippogriff is severely wounded.
The hippogriff completely misses you. The hippogriff pecks you.
You die...

##. , #......# ,* * *
#......# , * , , *
#......######.# * *
##.#'#........#### ,
#.#.###########.. #.#.#
##### #.. . #.#.# #...#
#..
.....####.#.#####...#####
......)H@.#.....'...'...#
....#############...###.#
###.###.# , ,* * ,
#...#.# * * * #.#.#.# ,
#.#.#.# ,* #.#.#..
#.#.### #.#.#


You could see a hippogriff (bleeding).

Vanquished Creatures
  3 adders
  An ooze (D:2)
  2 worms
  A giant gecko (D:1)
  4 orcs (D:3)
  5 giant cockroaches (D:2)
  7 hobgoblins
  2 jackals (D:1)
  A quokka (D:2)
  5 bats
  4 giant newts
  8 goblins
  3 kobolds
  6 rats
52 creatures vanquished.

Notes
Turn   | Place    | Note
--------------------------------------------------------------
     0 | D:1      | sose, the Ghoul Monk, began the quest for the Orb.
     0 | D:1      | Reached XP level 1. HP: 19/19 MP: 0/0
    92 | D:1      | Reached XP level 2. HP: 26/26 MP: 1/1
   117 | D:1      | Found a shattered altar of Ashenzari.
   127 | D:1      | Became a worshipper of Ashenzari the Shackled
   127 | D:1      | Acquired Ashenzari's first power
   258 | D:1      | Reached skill level 5 in Unarmed Combat
   511 | D:2      | Reached XP level 3. HP: 27/30 MP: 2/2
   748 | D:2      | Reached skill level 6 in Unarmed Combat
   748 | D:2      | Reached XP level 4. HP: 20/38 MP: 3/3
  1043 | D:3      | Found a shimmering altar of Xom.
  1336 | D:3      | Noticed a hippogriff
  1343 | D:3      | Slain by a hippogriff

Action                   |  1- 3 |  4- 6 || total
-------------------------+-------+-------++-------
Melee: Unarmed           |    93 |    45 ||   138
 Stab: Sleeping          |     1 |     2 ||     3
  Eat: Chunk             |     7 |     4 ||    11
